 Dungeon Sprint DCSS version 0.27-a0-1136-g0b992a5a9d (webtiles) character file.

Game seed: 1653109997292164810

51 mhtbhm the Firebug (level 3, -12/18 (19) HPs)
             Began as a Deep Elf Fire Elementalist on May 4, 2021.
             Was a Believer of Vehumet.
             Mangled by a wight
             ... wielding a +4 flail
              (19 damage)
             ... in the Dungeon (Sprint VII: "The Pits").
             The game lasted 00:02:03 (616 turns).

mhtbhm the Firebug (Deep Elf Fire Elementalist)      Turns: 616, Time: 00:02:04

HP:   -12/18 (19)   AC:  2    Str:  5    XL:     3   Next: 58%
MP:   6/12          EV: 13    Int: 20    God:    Vehumet [**....]
Gold: 0             SH:  0    Dex: 15    Spells: 6/13 levels left

rFire    . . .     SeeInvis .   a - +1 quarterstaff (protect)
rCold    . . .     Faith    .   (shield currently unavailable)
rNeg     . . .     Spirit   .   l - +0 robe
rPois    .         Reflect  .   (no helmet)
rElec    .         Harm     .   (no cloak)
rCorr    .         Rampage  .   (no gloves)
Will     .....     NoTele   +   (no boots)
Stlth    ++........             (no amulet)
HPRegen  0.06/turn              (no ring)
MPRegen  0.13/turn              (no ring)

@: drained
A: no striking features
a: Renounce Religion


You were in the Dungeon.
You worshipped Vehumet.
Vehumet was pleased with you.
You visited 1 branch

Inventory:

Hand Weapons
 a - a +1 quarterstaff of protection (weapon)
 k - a +2 quarterstaff
Armour
 l - a +0 robe (worn)
Scrolls
 h - a scroll of blinking
 i - 5 scrolls of amnesia
 j - a scroll of summoning
Potions
 b - 2 potions of invisibility
 c - 6 potions of curing
 d - 2 potions of heal wounds
 e - a potion of haste
 f - 4 potions of magic
 g - 3 potions of berserk rage


   Skills:
 + Level 0.2 Fighting
 + Level 3.9 Dodging
 - Level 2.8 Stealth
 + Level 5.5 Spellcasting
 + Level 2.2 Conjurations
 + Level 6.4 Fire Magic


You had 6 spell levels left.
You knew the following spells:

 Your Spells              Type           Power      Damage    Failure   Level
a - Foxfire               Conj/Fire      92%        2x1d8     1%          1
b - Conjure Flame         Conj/Fire      23%        6-21      5%          3
c - Inner Flame           Hex/Fire       18%        N/A       9%          3

Your spell library contained the following spells:

 Spells                   Type           Power      Damage    Failure   Level
 Searing Ray              Conj           28%        3d4       7%          2
 Sticky Flame             Conj/Fire      23%        2d4       19%         4
 Fireball                 Conj/Fire      11%        3d7       45%         5


Dungeon Overview and Level Annotations

Branches:
Dungeon (1/1)

Altars:
Ashenzari
Cheibriados
Dithmenos
Elyvilon
Fedhas
Gozag
Hepliaklqana
Kikubaaqudgha
Makhleb
Nemelex Xobeh
Okawaru
Qazlal
Ru
Sif Muna
Trog
Uskayaw
Vehumet
Wu Jian
Xom
Yredelemnul
Zin
The Shining One
Beogh
Jiyva
Lugonu


Message History

Nothing appears to happen.
The foxfire hits the wight.
The wight is lightly damaged.
The foxfire hits the wight.
The wight is moderately damaged.
Unknown command.
Casting: Foxfire (safe; 1% risk of failure)
Confirm with . or Enter, or press ? or * to list all spells.
You conjure some foxfire!
The wight hits you with a +4 flail!
Ouch! That really hurt!
You feel drained.
* * * LOW HITPOINT WARNING * * *
Unknown command.
The foxfire hits the wight.
The wight is moderately damaged.
The foxfire hits the wight.
The wight is heavily damaged.
Things that are here:
a +3 scimitar; a +0 robe
Casting: Foxfire (safe; 1% risk of failure)
Confirm with . or Enter, or press ? or * to list all spells.
Okay, then.
You feel much better.
Unknown command.
Casting: Foxfire (safe; 1% risk of failure)
Confirm with . or Enter, or press ? or * to list all spells.
You conjure some foxfire!
The wight barely misses you.
Your foxfire dissipates!
The foxfire hits the wight but does no damage.
The wight is heavily damaged.
Casting: Foxfire (safe; 1% risk of failure)
Confirm with . or Enter, or press ? or * to list all spells.
You conjure some foxfire!
The wight hits you with a +4 flail!
Ouch! That really hurt!
Your magical contamination has completely faded away.
Your foxfire dissipates!
The foxfire hits the wight.
The wight is severely damaged.
The wight hits you with a +4 flail!!
Ouch! That really hurt!
You die...

####### _____.# _____.#
___...###########++#####
#####'##................
')))'.##......#..#......
#####.##................
.....))'......)z@.......
##'#####......#.§#......
.#.#..##................
.#.#))#####'#####++#####
†'.#.)##.......#
####))##.......#
†..#[[##.......#
...#'###...<...#
......##.......#


You could see a wight.

Vanquished Creatures
  A wight (D)
  An orc (D)
  A ball python (D)
  A bat skeleton (D)
  A kobold (D)
  A quokka (D)
  A frilled lizard (D)
  A goblin (D)
  2 rats (D)
10 creatures vanquished.

Vanquished Creatures (others)
  42 foxfires (D)
42 creatures vanquished.

Grand Total: 52 creatures vanquished

Notes
Turn   | Place    | Note
-------+----------+-------------------------------------------
     0 | D        | mhtbhm the Deep Elf Fire Elementalist began the quest for
                  | the Orb.
     0 | D        | Reached XP level 1. HP: 10/10 MP: 6/6
    46 | D        | Found a bloodstained altar of Trog.
    46 | D        | Found a shimmering blue altar of Sif Muna.
    46 | D        | Found a viscous altar of Jiyva.
    46 | D        | Found a hazy altar of Hepliaklqana.
    46 | D        | Found an opulent altar of Gozag.
    47 | D        | Found a glowing golden altar of the Shining One.
    47 | D        | Found a glowing silver altar of Zin.
    47 | D        | Found a basalt altar of Yredelemnul.
    47 | D        | Found a shimmering altar of Xom.
    47 | D        | Found an ornate altar of the Wu Jian Council.
    47 | D        | Found a sacrificial altar of Ru.
    47 | D        | Found a stormy altar of Qazlal.
    47 | D        | Found an iron altar of Okawaru.
    47 | D        | Found a sparkling altar of Nemelex Xobeh.
    47 | D        | Found a burning altar of Makhleb.
    47 | D        | Found a blossoming altar of Fedhas.
    47 | D        | Found a white marble altar of Elyvilon.
    47 | D        | Found a shadowy altar of Dithmenos.
    47 | D        | Found a snail-covered altar of Cheibriados.
    49 | D        | Found a radiant altar of Vehumet.
    49 | D        | Found a corrupted altar of Lugonu.
    50 | D        | Found a hide-covered altar of Uskayaw.
    50 | D        | Found an ancient bone altar of Kikubaaqudgha.
    50 | D        | Found a broken altar of Ashenzari.
    57 | D        | Became a worshipper of Vehumet
    75 | D        | Reached skill level 4 in Fire Magic
   161 | D        | Reached * piety under Vehumet
   161 | D        | Offered knowledge of Shock by Vehumet.
   310 | D        | Reached ** piety under Vehumet
   310 | D        | Offered knowledge of Searing Ray by Vehumet.
   311 | D        | Reached XP level 2. HP: 15/15 MP: 5/8
   397 | D        | Noticed a wight
   397 | D        | Noticed a wight
   397 | D        | Noticed a wight
   397 | D        | Noticed a wight
   436 | D        | Killed a wight
   437 | D        | Reached skill level 5 in Spellcasting
   437 | D        | Reached skill level 6 in Fire Magic
   437 | D        | Reached XP level 3. HP: 10/19 MP: 4/12
   441 | D        | Learned a level 3 spell: Conjure Flame
   445 | D        | Learned a level 3 spell: Inner Flame
   616 | D        | Mangled by a wight

Illustrated notes

Levels and vault maps discovered:
D:        pitsprint [storerooms_1, entrance_room_1, metal_vault_2, armoury_3,
          mini_pit_1, grid_room_1, main_hall_1, silver_pit, the_coven_3,
          the_vestibule_1, steel_vault_5, golden_pit, hallway_of_sentries,
          crystal_vault_5, iron_vault_1, final_vault]

Skill      XL: |  1  2 |
---------------+-------+-----
Fire Magic     | 4 6 |  6.4
Dodging        | 3 |  3.9
Spellcasting   | 5 |  5.5
Conjurations   | 2 |  2.2
Fighting       | |  0.2
Stealth        | |  2.8

Action                   || total
-------------------------++-------
 Cast: Foxfire           ||    27
  Use: Potion            ||     4
Armor: Robe              ||     2
Dodge: Dodged            ||    10

Table legend: (Time is in decaauts)
 A = Elapsed time spent in this place.
 B = Non-inter-level travel time spent in this place.
 C = Inter-level travel time spent in this place.
 D = Time resting spent in this place.
 E = Time spent auto-exploring this place.
 F = Levels seen in this place.
 G = Mean time per level.
                   A        B        C        D        E       F      G
               +--------+--------+--------+--------+--------+-----+--------+
         Total |    615 |    615 |      0 |    288 |      0 |   1 |  615.0 |
       Dungeon |    615 |    615 |      0 |    288 |      0 |   1 |  615.0 |
               +--------+--------+--------+--------+--------+-----+--------+

Top non-repeatable levels by time:
       D: 615 daAuts
